 Dungeon Crawl Stone Soup version 0.29-a0-410-g9596d59a08 (webtiles) character file.

Game seed: 9716715723798282983

1691 Bruhh the Thaumaturge (level 9, -14/60 HPs)
             Began as a Djinni Cinder Acolyte on May 14, 2022.
             Was a High Priest of Ignis.
             Killed from afar by Blork the orc (21 damage)
             ... with a puff of frost
             ... on level 5 of the Dungeon.
             The game lasted 00:07:40 (8023 turns).

Bruhh the Thaumaturge (Djinni Cinder Acolyte)       Turns: 8023, Time: 00:07:41

Health: -14/60     AC:  3    Str: 13    XL:     9   Next: 22%
Gold:   343        EV: 15    Int: 19    God:    Ignis [*****.] SH:  0 Dex: 10

rFire   + + +      SeeInvis .   m - +2 quarterstaff (chaos)
rCold   x . .      Faith    .   (shield currently unavailable)
rNeg    . . .      Spirit   .   b - +0 robe
rPois   ∞          Reflect  .   (no helmet)
rElec   .          Harm     .   n - +0 cloak
rCorr   .          Rampage  .   (no gloves)
Will    .....                   (boots unavailable)
Stlth   +.........              (no amulet)
HPRegen 0.20/turn               l - +4 ring of evasion
MPRegen 0.00/turn               (no ring)

@: flying
A: sickness immunity, fire resistance 2, cold vulnerability 1, float, innate
caster, HP casting, extra vitality 1
a: Renounce Religion, Fiery Armour, Foxfire Swarm, Rising Flame


You were on level 5 of the Dungeon.
You worshipped Ignis.
Ignis was extremely pleased with you.
You visited 1 branch of the dungeon, and saw 5 of its levels.
You also visited: Sewer.

You collected 343 gold pieces.

Inventory:

Hand Weapons
 a - a -1 mace of flaming
 g - a +0 morningstar
 m - a +2 quarterstaff of chaos (weapon)
Armour
 b - a +0 robe (worn)
 n - a +0 cloak (worn)
 G - a +0 robe of positive energy
Jewellery
 l - a +4 ring of evasion (left hand)
Wands
 t - a wand of paralysis (3)
 C - a wand of iceblast (1)
 D - a wand of digging (2)
 E - a wand of mindburst (12)
 F - a wand of flame (23)
Scrolls
 f - 2 scrolls of blinking {unknown}
 h - 2 scrolls of identify
 i - 2 scrolls of teleportation {unknown}
 j - a scroll of poison {unknown}
 p - 2 scrolls of enchant weapon {unknown}
 q - a scroll of fear {unknown}
 y - 2 scrolls of magic mapping {unknown}
Potions
 d - 2 potions of lignification
 e - 2 potions of might
 k - a potion of flight {unknown}
 o - 2 potions of mutation {unknown}
 r - a potion of berserk rage {unknown}
 s - 2 potions of haste
 v - a potion of degeneration {unknown}
 w - a potion of attraction {unknown}
 x - 2 potions of brilliance {unknown}
 z - 2 potions of magic {unknown}
 A - a potion of resistance {unknown}
 B - 2 potions of heal wounds {unknown}


   Skills:
 - Level 3.0 Fighting
 - Level 2.4 Maces & Flails
 + Level 9.0 Spellcasting


You had 15 spell levels left.
You knew the following spells:

 Your Spells              Type           Power      Damage    Failure   Level
a - Scorch                Fire           84%        2d9       1%          2
b - Foxfire               Conj/Fire      100%       2x1d9     1%          1
c - Call Imp              Summ           42%        N/A       1%          2
d - Summon Guardian Gole  Hex/Summ       42%        N/A       1%          3
e - Inner Flame           Hex/Fire       42%        N/A       1%          3
Your spell library was empty.

Dungeon Overview and Level Annotations

Branches:
Dungeon (5/15)             Temple (0/1) D:4           Sewer (visited)

Altars:
Hepliaklqana
Trog
Yredelemnul
Beogh

Annotations:
D:5 Blork the orc


Innate Abilities, Weirdness & Mutations

You are immune to sickness and miasma.
You are immune to poison.
Your flesh is very heat resistant. (rF++)
You are vulnerable to cold. (rC-)
You float through the air rather than walking.
You learn spells naturally, not from books.
Your magical power is your life essence.
You have superior vitality. (+4 MHP)


Message History

The orc priest calls down the wrath of Beogh upon you.
Pain shoots through your body!
* * * LOW HITPOINT WARNING * * *
You hear a shout!
Your Spellcasting skill increases to level 9!
You feel better.
You feel better.
Casting: Scorch (safe; 1% risk of failure)
Confirm with . or Enter, or press ? or * to list all spells.
Flames lash the orc priest.
The orc priest is almost dead.
The orc priest's fire resistance burns away.
* * * LOW HITPOINT WARNING * * *
The orc priest looks encouraged for a moment.
Casting: Scorch (safe; 1% risk of failure)
Confirm with . or Enter, or press ? or * to list all spells.
Flames lash the orc priest.
The orc priest is burned terribly!
You kill the orc priest!
* * * LOW HITPOINT WARNING * * *
Blork the orc comes into view.
He is wielding a +0 broad axe.
Casting: Scorch (safe; 1% risk of failure)
Confirm with . or Enter, or press ? or * to list all spells.
Okay, then.
As you read the scroll labelled MEDIAMP NETRER, it crumbles to dust.
It is a scroll of identify.
c - a scroll of fog
As you read the scroll of fog, it crumbles to dust.
The scroll dissolves into smoke.
Blork the orc gestures wildly while chanting.
Blork the orc seems to speed up.
Blork the orc points at you and mumbles some strange words.
The magic dart hits you!
* * * LOW HITPOINT WARNING * * *
A quokka comes into view.
Blork the orc casts a spell at you. The magic dart hits you.
* * * LOW HITPOINT WARNING * * *
Blork the orc gestures at you while chanting.
The puff of frost hits you!!
You feel a terrible chill!
You die...

#.......# # #.......# . .
#.#.....###. .. #...........
... #.....####..
....####+####...........
..................P....#
#.......##...o........P. ###
#...>..@............P... ..
..................P§§§.#
#.#####.......##.....§#.PP§§#
#†#.<.................P§§§§.P
#.....#.......#...........#§P
###...#...###...........PP.P#
#...#...# ####.......P.§...
#...#...#######.##..P.P.#P.
#............... ........


You could see Blork the orc (fast).

Vanquished Creatures
  Menkaure (D:5)
  Duvessa (D:5)
  An ice beast (D:5)
  A phantom (D:4)
  A kobold brigand (Sewer)
  A necrophage (D:4)
  3 scorpions
  Dowan (D:5)
  3 killer bees (D:5)
  A jelly (D:4)
  4 orc priests
  Crazy Yiuf (D:2)
  Natasha (thrice) (D:2)
  Ijyb (D:5)
  2 iguanas (D:4)
  3 orc wizards
  3 gnolls (D:4)
  10 adders
  2 river rats (Sewer)
  An ufetubus (D:5)
  5 worms
  A dart slug (D:3)
  11 orcs
  14 ball pythons
  6 bats
  9 endoplasms
  2 giant cockroaches (D:4)
  7 goblins
  11 hobgoblins
  15 jackals
  7 quokkas
  10 frilled lizards
  11 kobolds
  13 rats
166 creatures vanquished.

Vanquished Creatures (collateral kills)
  An ogre (D:4)
  A hound (D:4)
2 creatures vanquished.

Vanquished Creatures (others)
  16 foxfires (D:5)
  3 plants (Sewer)
19 creatures vanquished.

Grand Total: 187 creatures vanquished

Notes
Turn   | Place    | Note
-------+----------+-------------------------------------------
     0 | D:1      | Bruhh the Djinni Cinder Acolyte began the quest for the
                  | Orb.
     0 | D:1      | Reached XP level 1. HP: 20/20 MP: 0/0
    81 | D:1      | Found a faded altar of an unknown god.
    94 | D:1      | Reached XP level 2. HP: 16/25 MP: 0/0
   481 | D:1      | Reached skill level 3 in Spellcasting
   871 | D:1      | Reached XP level 3. HP: 11/30 MP: 0/0
   871 | D:1      | Learned a level 1 spell: Foxfire
  1620 | D:2      | Noticed Natasha
  1625 | D:2      | Killed Natasha
  1626 | D:2      | Reached XP level 4. HP: 21/35 MP: 0/0
  1761 | D:2      | Noticed Natasha
  1766 | D:2      | Killed Natasha
  1767 | D:2      | Reached skill level 4 in Spellcasting
  2136 | D:2      | Noticed Natasha
  2146 | D:2      | Killed Natasha
  2147 | D:2      | Reached XP level 5. HP: 5/40 MP: 0/0
  2147 | D:2      | Learned a level 2 spell: Call Imp
  2443 | D:2      | Found a runed translucent door.
  2444 | D:2      | Noticed Crazy Yiuf
  3273 | D:2      | Killed Crazy Yiuf
  3274 | D:2      | Reached XP level 6. HP: 15/46 MP: 0/0
  3675 | D:3      | Reached skill level 5 in Spellcasting
  5327 | D:4      | Found a glowing drain.
  5330 | D:4      | Reached XP level 7. HP: 49/50 MP: 0/0
  5330 | D:4      | Learned a level 3 spell: Summon Guardian Golem
  5338 | Sewer    | Entered a sewer
  5356 | Sewer    | Reached skill level 6 in Spellcasting
  6095 | D:4      | Found a basalt altar of Yredelemnul.
  6706 | D:4      | Found a staircase to the Ecumenical Temple.
  6737 | D:4      | Reached XP level 8. HP: 42/56 MP: 0/0
  6828 | D:4      | Reached skill level 7 in Spellcasting
  7310 | D:5      | Entered Level 5 of the Dungeon
  7348 | D:5      | Noticed Ijyb
  7354 | D:5      | Killed Ijyb
  7516 | D:5      | Found a bloodstained altar of Trog.
  7525 | D:5      | Reached skill level 8 in Spellcasting
  7776 | D:5      | Noticed Menkaure
  7780 | D:5      | Killed Menkaure
  7781 | D:5      | Reached XP level 9. HP: 45/60 MP: 0/0
  7781 | D:5      | Learned a level 3 spell: Inner Flame
  7895 | D:5      | Found a hazy altar of Hepliaklqana.
  7915 | D:5      | Noticed Dowan
  7915 | D:5      | Noticed Duvessa
  7921 | D:5      | Killed Duvessa
  7921 | D:5      | Killed Dowan
  7993 | D:5      | HP: 2/60 [orc priest/nerve-wracking pain (9)]
  7994 | D:5      | Reached skill level 9 in Spellcasting
  7997 | D:5      | Noticed Blork the orc
  8023 | D:5      | Killed from afar by Blork the orc

Illustrated notes

Levels and vault maps discovered:
D:1:      lemuel_arrival_lava_pool, layout_loops_ring,
          ebering_ecumenical_altar_rust, serial_park_tiny_1
D:2:      layout_loops_ring, uniq_natasha, uniq_crazy_yiuf_cottage
D:3:      minmay_razor_zed, layout_basic
D:4:      minmay_bubble_buster, layout_cave_pools,
          mainiacjoe_overflow_concentric_impassable, temple_green,
          portal_sewer_entry_d, kennysheep_orc_chapel
D:5:      layout_basic, amcnicky_altar_gilded, nicolae_hepliaklqana_hazy_memory,
          grunt_tough_drop, uniq_ijyb, uniq_menkaure, uniq_blork_the_orc,
          uniq_duvessa

Skill      XL: |  1  2  3  4  5  6  7  8  9 |
---------------+----------------------------+-----
Spellcasting   | 3 4 5 6 8 9 |  9.0
Fighting       | |  3.0
Maces & Flails | |  2.4

Action                   |  1- 3 |  4- 6 |  7- 9 || total
-------------------------+-------+-------+-------++-------
Melee: Mace              |    15 |    23 |       ||    38
       Morningstar       |       |     7 |       ||     7
       Quarterstaff      |       |     5 |     5 ||    10
 Cast: Scorch            |    31 |    90 |   107 ||   228
       Call Imp          |       |     1 |     2 ||     3
       Foxfire           |       |     1 |       ||     1
       Summon Guardian G |       |       |     2 ||     2
       Inner Flame       |       |       |     5 ||     5
Invok: Foxfire Swarm     |       |       |     1 ||     1
  Use: Potion            |       |     3 |     2 ||     5
       Scroll            |       |       |     2 ||     2
Armor: Robe              |    11 |     5 |    10 ||    26
       Skin              |       |    15 |       ||    15
Dodge: Dodged            |    24 |    29 |    44 ||    97

Table legend: (Time is in decaauts)
 A = Elapsed time spent in this place.
 B = Non-inter-level travel time spent in this place.
 C = Inter-level travel time spent in this place.
 D = Time resting spent in this place.
 E = Time spent auto-exploring this place.
 F = Levels seen in this place.
 G = Mean time per level.
                   A        B        C        D        E       F      G
               +--------+--------+--------+--------+--------+-----+--------+
         Total |   8038 |   7911 |    127 |      0 |   7096 |   6 | 1339.7 |
       Dungeon |   7297 |   7170 |    127 |      0 |   6439 |   5 | 1459.4 |
         Sewer |    740 |    740 |      0 |      0 |    657 |   1 |  740.0 |
               +--------+--------+--------+--------+--------+-----+--------+

Top non-repeatable levels by time:
     D:2: 2025 daAuts
     D:4: 1690 daAuts
     D:1: 1516 daAuts
     D:3: 1352 daAuts
   Sewer: 740 daAuts
     D:5: 712 daAuts
